 Dungeon Crawl Stone Soup version 0.31-a0-654-gbe3e110b4e (webtiles) character file.

Game seed: 9762811968404610885

1617 Pooter the Cleaver (level 8, -6/73 HPs)
             Began as a Minotaur Monk on Aug 29, 2023.
             Was a Believer of Okawaru.
             Killed from afar by an electric eel (8 damage)
             ... with a bolt of electricity
             ... on level 6 of the Dungeon.
             The game lasted 00:22:50 (4694 turns).

Pooter the Cleaver (Minotaur Monk)                  Turns: 4694, Time: 00:22:50

Health: -6/73      AC:  9    Str: 17    XL:     8   Next: 64%
Magic:  5/7        EV: 10    Int:  7    God:    Okawaru [**....]
Gold:   199        SH:  5    Dex: 14    Spells: 7/7 levels left

rFire   . . .        b - +5 sling (heavy)
rCold   . . .        y - orb {light}
rNeg    . . .        v - +0 chain mail
rPois   .            (helmet restricted)
rElec   .            (no cloak)
rCorr   .            (no gloves)
SInv    .            (no boots)
Will    +....        j - amulet of reflection Stlth
                     g - ring of willpower
HPRegen 0.32/turn    (no ring)
MPRegen 0.10/turn

%: reflection
@: heroic, glowing
A: horns 2, retaliatory headbutt
a: Renounce Religion, Heroism


You were on level 6 of the Dungeon.
You worshipped Okawaru.
Okawaru was pleased with you.
You visited 2 branches of the dungeon, and saw 7 of its levels.

You collected 277 gold pieces.
You spent 78 gold pieces at shops.

Inventory:

Hand Weapons
 a - a +0 morningstar
   (You took it off an orc on level 3 of the Dungeon)
 b - a +5 heavy sling (weapon)
   (You took it off a goblin on level 2 of the Dungeon)
 o - a +2 short sword of speed
   (You took it off a kobold on level 1 of the Dungeon)
 u - a +0 hand axe
Missiles
 h - 12 poisoned darts
 i - 2 throwing nets {!f}
 w - 2 boomerangs
 C - 6 javelins
 Q - 41 stones
Armour
 r - a +0 buckler
   (You found it on level 2 of the Dungeon)
 v - a +0 chain mail (worn)
   (You took it off an orc on level 3 of the Dungeon)
 y - an orb of light (worn)
Jewellery
 g - a ring of willpower (left hand)
   (You found it on level 1 of the Dungeon)
 j - an amulet of reflection (around neck)
   (You found it on level 1 of the Dungeon)
 x - an amulet of magic regeneration
   (You found it on level 3 of the Dungeon)
Wands
 d - a wand of iceblast (9)
   (You took it off Ijyb on level 4 of the Dungeon)
 f - a wand of flame (16)
   (You took it off an orc on level 4 of the Dungeon)
Scrolls
 k - a scroll of vulnerability {!r}
 p - a scroll of fog {unknown}
 q - 2 scrolls of immolation {unknown}
 s - 2 scrolls of fear
 t - 3 scrolls of teleportation {@r4}
 D - a scroll of poison {unknown}
 F - a scroll of blinking {unknown}
 G - a scroll of enchant armour
 H - a scroll of enchant weapon {unknown}
Potions
 c - a potion of ambrosia
 e - 4 potions of curing {unknown}
 l - 2 potions of might
 m - a potion of berserk rage {unknown}
 n - 2 potions of enlightenment {unknown}
 z - a potion of cancellation {unknown}
 A - a potion of brilliance {unknown}
 B - a potion of magic {unknown}
 E - a potion of haste {unknown}


   Skills:
 + Level 7.0(12.0) Fighting
 * Level 9.3(14.3) Axes
 * Level 7.1(12.1) Ranged Weapons
 - Level 3.2(8.2) Dodging


You had 7 spell levels left.
You didn't know any spells.
Your spell library contained the following spells:

 Spells                   Type           Power      Damage    Failure   Level
 Lesser Beckoning         Tloc           0%         N/A       100%        2
 Gell's Gravitas          Tloc           0%         N/A       100%        3
 Teleport Other           Tloc           0%         N/A       100%        3


Dungeon Overview and Level Annotations

Branches:
Dungeon (6/15) Zot: 26874  Temple (1/1) D:5 Zot: 5981

Altars:
Ashenzari
Cheibriados
Dithmenos
Elyvilon
Fedhas
Gozag
Hepliaklqana
Kikubaaqudgha
Makhleb
Nemelex Xobeh
Okawaru
Qazlal
Ru
Sif Muna
Trog
Vehumet
Wu Jian
Xom
Yredelemnul
Zin
The Shining One

Shops:
D:2 *


Innate Abilities, Weirdness & Mutations

You have a pair of horns on your head.
You reflexively headbutt those who attack you in melee.


Message History

H - a scroll labelled CUIXTE HUSADU An electric eel comes into view.
What are your orders? t - Shout!
Orders for allies: a - Attack new target. r - Retreat! s - Stop attacking. g - Guard the area. f - Follow me.
Anything else - Cancel.
You shout for attention!
You hear an angry hiss.
You start waiting.
An electric eel is nearby!
You shoot a sling bullet.
The sling bullet barely misses the electric eel.
The sling bullet hits the plant!
The plant begins to die.
The electric eel shoots out a bolt of lightning at you!
The bolt of electricity hits you! x2
The electric eel shoots out a bolt of lightning at you!
The bolt of electricity hits you. x2
You shoot a sling bullet.
The sling bullet misses the electric eel.
The sling bullet hits the plant!
A nearby plant withers and dies.
You shoot a sling bullet.
The sling bullet closely misses the electric eel.
The electric eel shoots out a bolt of lightning at you!
The bolt of electricity hits you. The bolt of electricity hits you!
* * * LOW HITPOINT WARNING * * *
You are too injured to fight recklessly!
You gain the combat prowess of a mighty hero.
Fire: b) +5 sling (heavy)
Press: ? - help, Q - select action, (/) - cycle Shift-Dir - straight line, f/p - electric eel
Aim: an electric eel (haloed, 73% to hit)
You shoot a sling bullet.
The sling bullet closely misses the electric eel.
The electric eel shoots out a bolt of lightning at you!
The bolt of electricity hits you!
* * * LOW HITPOINT WARNING * * *
The bolt of electricity misses you.
The electric eel shoots out a bolt of lightning at you!
The bolt of electricity hits you!
* * * LOW HITPOINT WARNING * * *
The bolt of electricity misses you.
Fire: b) +5 sling (heavy)
Press: ? - help, Q - select action, (/) - cycle Shift-Dir - straight line, f/p - electric eel
Aim: an electric eel (haloed, 73% to hit)
You shoot a sling bullet. The sling bullet hits the electric eel.
The electric eel shoots out a bolt of lightning at you!
The bolt of electricity hits you!
* * * LOW HITPOINT WARNING * * *
The bolt of electricity hits you!
You die...

##########
#..@.....#
#.##.....#
######..#..P♣P♣
#.....#.PS~♣♣
S~
#.......♣P♣~~~S
♣
#.....#P~~~~PPP
#....†♣~P~~~~~~
#####~~~~~P♣~≈~
#..♣♣~~~~~P~≈


You could see an electric eel.

Vanquished Creatures
  Eustachio (D:5)
  A water moccasin (D:4)
  A black bear (D:4)
  2 ogres (D:5)
  4 phantoms (D:4)
  A bullfrog (D:3)
  2 scorpions
  An electric eel (D:6)
  2 hounds (D:5)
  A jelly (D:5)
  2 orc priests
  A centaur skeleton (D:4)
  2 sleepcaps
  Ijyb (D:4)
  2 iguanas (D:5)
  3 orc wizards
  2 scorpion zombies (D:4)
  3 adders
  A white imp (D:6)
  An adder skeleton (D:4)
  4 adder zombies (D:4)
  A worm (D:2)
  3 dart slugs
  21 orcs
  3 ball pythons
  6 endoplasms
  3 giant cockroaches
  5 goblins
  6 hobgoblins
  3 jackals (D:3)
  4 quokkas
  2 bats
  2 frilled lizards
  9 kobolds
  7 rats
113 creatures vanquished.

Notes
Turn   | Place    | Note
-------+----------+-------------------------------------------
     0 | D:1      | Pooter the Minotaur Monk began the quest for the Orb.
     0 | D:1      | Reached XP level 1. HP: 19/19 MP: 0/0
   118 | D:1      | Reached skill level 4 in Axes
   184 | D:1      | Reached XP level 2. HP: 24/27 MP: 1/1
   394 | D:1      | Found a faded altar of an unknown god.
   678 | D:2      | Found Koity's General Store.
   684 | D:2      | Reached XP level 3. HP: 31/33 MP: 2/2
   713 | D:2      | Bought a scroll of identify for 26 gold pieces
   796 | D:2      | You fall into a shaft and drop 1 floor!
  1015 | D:2      | Reached skill level 5 in Axes
  1077 | D:2      | Bought a scroll of fear for 52 gold pieces
  1298 | D:3      | Noticed a bullfrog
  1305 | D:3      | Killed a bullfrog
  1306 | D:3      | Reached XP level 4. HP: 22/41 MP: 3/3
  1426 | D:3      | Reached XP level 5. HP: 29/47 MP: 4/4
  1804 | D:3      | Reached skill level 6 in Axes
  2155 | D:3      | Found a sacrificial altar of Ru.
  2156 | D:3      | Found a shadowy altar of Dithmenos.
  2239 | D:3      | Found a glowing silver altar of Zin.
  2443 | D:4      | Noticed Ijyb
  2449 | D:4      | Killed Ijyb
  2450 | D:4      | Reached skill level 5 in Fighting
  2627 | D:4      | Noticed a phantom
  2633 | D:4      | Killed a phantom
  2634 | D:4      | Reached XP level 6. HP: 48/56 MP: 5/5
  2711 | D:4      | Reached skill level 7 in Axes
  2711 | D:4      | Reached XP level 7. HP: 21/61 MP: 6/6
  3314 | D:4      | Reached skill level 5 in Ranged Weapons
  3703 | D:4      | Reached skill level 8 in Axes
  3819 | D:5      | Entered Level 5 of the Dungeon
  3819 | D:5      | Noticed Eustachio
  3832 | D:5      | Killed Eustachio
  3833 | D:5      | Reached XP level 8. HP: 40/71 MP: 7/7
  4387 | D:5      | Found a staircase to the Ecumenical Temple.
  4394 | D:5      | Reached skill level 9 in Axes
  4397 | Temple   | Entered the Ecumenical Temple
  4406 | Temple   | Became a worshipper of Warmaster Okawaru
  4406 | Temple   | Reached * piety under Okawaru
  4406 | Temple   | Reached ** piety under Okawaru
  4694 | D:6      | HP: 2/73 [electric eel/bolt of electricity (12)]
  4694 | D:6      | Killed from afar by an electric eel

Illustrated notes

Levels and vault maps discovered:
D:1:      nagdon_arrival_zigzag_paths, layout_rooms,
          shapermc_ecumenical_altar_gd
D:2:      layout_basic, serial_shops, shop
D:3:      layout_loops_corners, nicolae_overflow_hidden_temple, minmay_between
D:4:      layout_basic, serial_undead, serial_undead_f, serial_undead_d,
          serial_undead_b, serial_undead_d, serial_undead_e, uniq_ijyb
D:5:      layout_rooms, minmay_temple_entry_statues_pillars,
          dreamdust_mushroom_princess, uniq_eustachio
D:6:      cheibrodos_fertilizer, layout_basic, serial_bayou,
          serial_bayou_pond_a, serial_bayou_lake_a, serial_bayou_ford_a,
          serial_bayou_pond_b
Temple:   regret_index_temple_chain_breaker

Skill      XL: |  1  2  3  4  5  6  7  8 |
---------------+-------------------------+-----
Axes           | 4 5 6 7 8 9 |  9.3
Fighting       | 4 5 6 7 |  7.0
Ranged Weapons | 2 3 4 6 7 |  7.1
Dodging        | |  3.2

Action                     |  1- 3 |  4- 6 |  7- 9 || total
---------------------------+-------+-------+-------++-------
  Melee: Hand axe          |    59 |     9 |       ||    68
         Headbutt          |    13 |    10 |     2 ||    25
         Morningstar       |       |    35 |    29 ||    64
   Fire: Sling             |    16 |    35 |    96 ||   147
  Throw: Dart              |     2 |       |     4 ||     6
 Invoke: Heroism           |       |       |     2 ||     2
  Evoke: Wand              |       |       |     3 ||     3
    Use: Scroll            |     2 |     1 |     1 ||     4
         Potion            |       |     1 |       ||     1
 Armour: Robe              |     3 |     3 |       ||     6
         Chain mail        |       |    51 |    25 ||    76
  Dodge: Dodged            |    31 |    43 |    35 ||   109
  Block: Orb               |     5 |    29 |    10 ||    44
         Reflection        |     2 |       |       ||     2

Table legend: (Time is in decaauts)
 A = Elapsed time spent in this place.
 B = Non-inter-level travel time spent in this place.
 C = Inter-level travel time spent in this place.
 D = Time resting spent in this place.
 E = Time spent auto-exploring this place.
 F = Levels seen in this place.
 G = Mean time per level.
                   A        B        C        D        E       F      G
               +--------+--------+--------+--------+--------+-----+--------+
         Total |   4864 |   4570 |    294 |    944 |   2703 |   7 |  694.9 |
       Dungeon |   4845 |   4559 |    286 |    944 |   2703 |   6 |  807.5 |
        Temple |     18 |     10 |      8 |      0 |      0 |   1 |   18.0 |
               +--------+--------+--------+--------+--------+-----+--------+

Top non-repeatable levels by time:
     D:4: 1455 daAuts
     D:3: 1310 daAuts
     D:5: 769 daAuts
     D:1: 665 daAuts
     D:2: 519 daAuts
     D:6: 124 daAuts
  Temple: 18 daAuts
